 Dungeon Crawl Stone Soup version 0.30-a0-160-gcfceee88d3 (webtiles) character file.

Game seed: 18185064055351509158

136 qw the Chopper (level 5, -2/32 HPs)
             Began as a Gargoyle Fighter on Sept 27, 2022.
             Slain by an orc wizard
             ... wielding a +0 dagger
              (3 damage)
             ... on level 3 of the Dungeon.
             The game lasted 00:00:40 (1964 turns).

qw the Chopper (Gargoyle Fighter)                   Turns: 1964, Time: 00:00:40

Health: -2/32      AC: 13    Str: 22    XL:     5   Next: 19%
Magic:  5/5        EV:  7    Int:  8    God:
Gold:   114        SH:  4    Dex:  9    Spells: 4/4 levels left

rFire   . . .      SeeInvis .    Y - +1 war axe
rCold   . . .      Faith    .    c - +0 buckler
rNeg    + . .      Spirit   .    h - +0 chain mail
rPois   inf        Reflect  .    (no helmet)
rElec   +          Harm     .    (no cloak)
rCorr   .          Rampage  .    (no gloves)
Will    .....                    (no boots)
Stlth   ..........               (no amulet)
HPRegen 0.10/turn                (no ring)
MPRegen 0.09/turn                (no ring)

@: no status effects
A: sickness immunity, AC +4, negative energy resistance 1, electricity
resistance, torment resistance 1, petrification resistance
a: no special abilities


You were on level 3 of the Dungeon.
You visited 1 branch of the dungeon, and saw 3 of its levels.

You collected 114 gold pieces.


Innate Abilities, Weirdness & Mutations

You are immune to sickness and miasma.
Your stone body is resilient. (AC +4)
You are immune to poison.
You resist negative energy. (rN+)
You are resistant to electric shocks. (rElec)
You are resistant to unholy torment.
You are immune to petrification.


   Skills:
 - Level 3.2 Fighting
 + Level 4.4 Axes
 - Level 1.2 Throwing
 - Level 3.2 Armour
 - Level 3.2 Shields


You had 4 spell levels left.
You didn't know any spells.
Your spell library was empty.

Inventory:

Hand Weapons
 f - a +0 whip
 Y - a +1 war axe (weapon)
Armour
 c - a +0 buckler (worn)
 h - a +0 chain mail (worn)
Scrolls
 e - 4 scrolls of identify
Potions
 d - a potion of might

Dungeon Overview and Level Annotations

Branches:
Dungeon (3/15)

Altars:


Message History

The orc barely misses you. The orc hits you but does no damage.
The kobold barely misses you.
The orc wizard hits you with a +0 dagger.
The bat moves out of view.
You hit the orc wizard.
The orc wizard is severely wounded.
You barely miss the kobold. You closely miss the orc.
The kobold barely misses you.
The orc wizard hits you with a +0 dagger.
The orc barely misses you.
You barely miss the orc wizard.
The orc wizard is severely wounded.
You hit the orc. You barely miss the kobold. The kobold completely misses you.
The orc wizard hits you with a +0 dagger.
The orc hits you but does no damage.
You closely miss the orc wizard.
The orc wizard is severely wounded.
You slash the kobold!
You kill the kobold!
You slash the orc!
You kill the orc!
The bat barely misses you.
The orc wizard hits you but does no damage. x2
You closely miss the orc wizard.
The orc wizard is severely wounded.
You hit the bat.
You kill the bat!
The orc wizard closely misses you.
You hit the orc wizard but do no damage.
The orc wizard is severely wounded.
The orc wizard hits you but does no damage.
You closely miss the orc wizard.
The orc wizard is severely wounded.
The orc wizard hits you but does no damage.
The orc wizard completely misses you.
You closely miss the orc wizard.
The orc wizard is severely wounded.
The orc wizard hits you with a +0 dagger.
You die...

... .. K##
. .. ..#.
#.###...
#.....#
##.....#
#.))o?.#
#.#@)..#
#.(....#
##.....###
#...!....(
#....#####
#.####
#.#####
#....<#
#######


You could see an orc wizard.

Vanquished Creatures
  An orc priest (D:3)
  An iguana (D:3)
  2 adders (D:2)
  A worm (D:2)
  3 dart slugs
  2 orcs (D:3)
  4 ball pythons (D:1)
  4 bats
  7 endoplasms
  2 giant cockroaches (D:2)
  7 goblins
  A hobgoblin (D:1)
  4 jackals (D:2)
  2 quokkas (D:1)
  2 frilled lizards
  5 kobolds
  A rat (D:2)
49 creatures vanquished.

Notes
Turn   | Place    | Note
-------+----------+-------------------------------------------
     0 | D:1      | qw the Gargoyle Fighter began the quest for the Orb.
     0 | D:1      | Reached XP level 1. HP: 14/14 MP: 1/1
     0 | D:1      | 0 ||| qw: Version: 0.2-a-10-g37ed214
     0 | D:1      | 0 ||| qw: Game counter: 591
     0 | D:1      | 0 ||| qw: Always use a shield: true
     0 | D:1      | 0 ||| qw: God list: Okawaru
     0 | D:1      | 0 ||| qw: Allow faded altars: false
     0 | D:1      | 0 ||| qw: Do Orc after D:15 true
     0 | D:1      | 0 ||| qw: Do second Lair branch before Depths: true
     0 | D:1      | 0 ||| qw: Lair rune preference: random
     0 | D:1      | 0 ||| qw: Plans: Normal, Zot:1-4, God:TSO, Crypt, Tomb,
                  | Pan, Slime:5, Hells, Abyss, Orb
     0 | D:1      | 0 ||| PLANNING D:1-11
    46 | D:1      | Reached skill level 2 in Axes
   143 | D:1      | 143 ||| Stepping ~*~*~tactically~*~*~ (stealth).
   243 | D:1      | Reached XP level 2. HP: 19/19 MP: 2/2
   514 | D:1      | Found a faded altar of an unknown god.
   565 | D:1      | 565 ||| Stepping ~*~*~tactically~*~*~ (stealth).
   573 | D:1      | 573 ||| Stepping ~*~*~tactically~*~*~ (hiding).
   574 | D:1      | 574 ||| Stepping ~*~*~tactically~*~*~ (hiding).
   581 | D:1      | Reached skill level 3 in Axes
   891 | D:1      | Reached XP level 3. HP: 21/23 MP: 3/3
   915 | D:1      | 915 ||| Stepping ~*~*~tactically~*~*~ (hiding).
  1196 | D:1      | 1196 ||| UPGRADING to +0 chain mail.
  1206 | D:1      | 1206 ||| DROPPING +0 scale mail.
  1207 | D:1      | 1207 ||| READING scroll labelled HOWEUGUBLE.
  1208 | D:1      | 1208 ||| READING scroll labelled ZOJUGISO YWNO.
  1209 | D:1      | 1209 ||| READING scroll labelled UROCZA WODACWAR.
  1297 | D:2      | 1297 ||| Stepping ~*~*~tactically~*~*~ (stealth).
  1301 | D:2      | 1301 ||| Stepping ~*~*~tactically~*~*~ (stealth).
  1348 | D:2      | 1348 ||| Stepping ~*~*~tactically~*~*~ (stealth).
  1378 | D:2      | 1378 ||| Stepping ~*~*~tactically~*~*~ (hiding).
  1458 | D:2      | Reached skill level 1 in Throwing
  1468 | D:2      | Reached XP level 4. HP: 26/28 MP: 4/4
  1527 | D:2      | 1527 ||| Stepping ~*~*~tactically~*~*~ (stealth).
  1920 | D:2      | 1920 ||| DROPPING orb of light.
  1921 | D:2      | 1921 ||| READING scroll labelled TEOREG ASUU.
  1922 | D:2      | 1922 ||| READING scroll labelled UHINIMMASO.
  1944 | D:3      | Reached skill level 4 in Axes
  1956 | D:3      | Reached XP level 5. HP: 12/32 MP: 5/5
  1957 | D:3      | HP: 8/32 [orc wizard/+0 dagger (2)]
  1959 | D:3      | HP: 1/32 [orc wizard/+0 dagger (4)]
  1964 | D:3      | Slain by an orc wizard

Levels and vault maps discovered:
D:1:      dpeg_arrival_central, layout_loops_ring,
          shapermc_ecumenical_altar_mp_highgroup
D:2:      layout_loops_cross
D:3:      layout_basic

Skill      XL: |  1  2  3  4 |
---------------+-------------+-----
Axes           | 2 3 4 |  4.4
Throwing       | 1 |  1.2
Fighting       | |  3.2
Armour         | |  3.2
Shields        | |  3.2

Action                   |  1- 3 |  4- 6 || total
-------------------------+-------+-------++-------
Melee: War axe           |   100 |    29 ||   129
Throw: Javelin           |     6 |    10 ||    16
  Use: Scroll            |     3 |     2 ||     5
Armor: Scale mail        |    44 |       ||    44
       Chain mail        |    23 |    25 ||    48
Dodge: Dodged            |    35 |    11 ||    46
Block: Buckler           |    17 |     2 ||    19

Table legend:
 A = Non-vault XP
 B = Vault XP
 C = Vault XP percentage of total XP
 D = Non-vault monster count
 E = Vault monster count
 F = Vault count percentage of total count
                 A         B        C        D         E       F
            +---------+---------+-------+---------+---------+-------
      Total |     195 |       0 |   0.0 |      49 |       0 |   0.0
            +---------+---------+-------+---------+---------+-------
        D:1 |      39 |       0 |   0.0 |      20 |       0 |   0.0
        D:2 |      70 |       0 |   0.0 |      23 |       0 |   0.0
        D:3 |      86 |       0 |   0.0 |       6 |       0 |   0.0
            +---------+---------+-------+---------+---------+-------
